 Dungeon Crawl Stone Soup version 0.29.0-7-g18a832c13a (webtiles) character file.

Game seed: 6090613708059660463

29 sanka the Ruffian (level 3, 36/36 HPs)
             Began as a Troll Cinder Acolyte on Aug 30, 2022.
             Was a High Priest of Ignis.
             Quit the game on level 2 of the Dungeon.
             The game lasted 00:00:55 (892 turns).

sanka the Ruffian (Troll Cinder Acolyte)             Turns: 892, Time: 00:00:55

Health: 36/36      AC:  4    Str: 22    XL:     3   Next: 1%
Magic:  3/3        EV:  9    Int: 12    God:    Ignis [*****.]
Gold:   38         SH:  0    Dex:  5    Spells: 4/4 levels left

rFire   + . .      SeeInvis .     - Unarmed
rCold   . . .      Faith    .   (no shield)
rNeg    . . .      Spirit   .   a - +0 robe
rPois   .          Reflect  .   (helmet restricted)
rElec   .          Harm     .   (no cloak)
rCorr   .          Rampage  .   (gloves unavailable)
Will    .....                   (boots unavailable)
Stlth   +.........              (no amulet)
HPRegen 0.92/turn               (no ring)
MPRegen 0.08/turn               (no ring)

@: no status effects
A: large, unfitting armour, claws 3, regeneration 1, shaggy fur 1, tough skin 1
a: Renounce Religion, Fiery Armour, Foxfire Swarm, Rising Flame


You were on level 2 of the Dungeon.
You worshipped Ignis.
Ignis was extremely pleased with you.
You visited 1 branch of the dungeon, and saw 2 of its levels.

You collected 38 gold pieces.


Innate Abilities, Weirdness & Mutations

You are too large for most types of armour.
You have claws for hands.
Your natural rate of healing is unusually fast.
You are covered in fur. (AC +1)
You have tough skin. (AC +1)


   Skills:
 - Level 2.4 Fighting
 + Level 4.2 Unarmed Combat
 - Level 1.0 Spellcasting
 - Level 2.1 Fire Magic


You had 4 spell levels left.
You didn't know any spells.
Your spell library contained the following spells:

 Spells                   Type           Power      Damage    Failure   Level
 Scorch                   Fire           10%        2d6       19%         2

Inventory:

Armour
 a - a +0 robe (worn)
 f - a scarf of harm
Scrolls
 c - a scroll of immolation {unknown}
Potions
 b - 2 potions of mutation {unknown}
 d - a potion of curing {unknown}
 e - a potion of heal wounds {unknown}
 g - a potion of resistance {unknown}

Dungeon Overview and Level Annotations

Branches:
Dungeon (2/15)

Altars:

..£...[......▒
.▒..........▒
..J........▒
▒.........▒
▒.........▒
▒...b.....▒
▒▒.▒...r.....▒
....[..T.....▒
▒▒▒▒.........▒
▒.........▒
▒▒▒▒▒▒▒▒▒▒▒


You could see an endoplasm, a bat and a rat.


Message History

Key pressed, stopping explore.
Done exploring.
Done exploring.
Done exploring.
Search for what [? for help]? .
You see here a +0 robe.
There is a stone staircase leading down here.
You climb downwards.
The hobgoblin shouts!
Found a leather armour, 22 gold pieces and a robe.
There is a stone staircase leading up here.
Unknown command.
An endoplasm comes into view.
You miss the bat.
The endoplasm quivers.
The bat closely misses you.
You closely miss the rat. The bat barely misses you. The rat bites you.
You scratch the hobgoblin.
You kill the hobgoblin!
The bat hits you but does no damage. The rat bites you but does no damage.
You have reached level 3!
Your experience leads to an increase in your attributes!
Increase (s)trength, (i)ntelligence, or (d)exterity?
You feel clever.
You feel clever.
You feel stronger.
Are you sure you want to abandon this character and quit the game? (Confirm with "yes".)

Action                   || total
-------------------------++-------
Melee: Unarmed           ||    74
Armor: Robe              ||    33
Dodge: Dodged            ||    39

Levels and vault maps discovered:
D:1:      ldierk_water_garden, layout_loops_ring,
          shapermc_ecumenical_altar_totnotflames
D:2:      layout_loops_ring

Notes
Turn   | Place    | Note
-------+----------+-------------------------------------------
     0 | D:1      | sanka the Troll Cinder Acolyte began the quest for the Orb.
     0 | D:1      | Reached XP level 1. HP: 22/22 MP: 1/1
    65 | D:1      | Found a faded altar of an unknown god.
    89 | D:1      | Reached XP level 2. HP: 22/29 MP: 2/2
   495 | D:1      | Reached skill level 4 in Unarmed Combat
   892 | D:2      | Reached XP level 3. HP: 36/36 MP: 3/3
   892 | D:2      | Quit the game

Vanquished Creatures
  2 bats (D:1)
  3 endoplasms (D:1)
  A giant cockroach (D:1)
  4 hobgoblins
  4 jackals (D:1)
  3 quokkas (D:1)
  3 ball pythons (D:1)
  A frilled lizard (D:1)
  3 kobolds (D:1)
24 creatures vanquished.

Vanquished Creatures (others)
  4 toadstools (D:1)
4 creatures vanquished.

Grand Total: 28 creatures vanquished
